 Dungeon Crawl Stone Soup version 0.20-a0-1009-gc986637 (webtiles) character file.

172 Rrauwl the Vandal (level 5, -3/34 HPs)
             Began as a Halfling Arcane Marksman on Apr 15, 2017.
             Was an Initiate of the Shining One.
             Slain by a gnoll
             ... wielding a +1 halberd of protection
              (8 damage)
             ... on level 3 of the Dungeon.
             The game lasted 00:12:59 (2619 turns).

Rrauwl the Vandal (Halfling Arcane Marksman)        Turns: 2619, Time: 00:13:00

Health: -3/34      AC:  8    Str: 11    XL:     5   Next: 82%
Magic:  4/6        EV: 12    Int: 12    God:    the Shining One [......]
Gold:   123        SH:  0    Dex: 17    Spells: 2/6 levels left

rFire    . . .     SeeInvis .   a - +1 hunting sling
rCold    . . .     Gourm    .   (shield restricted)
rNeg     . . .     Faith    .   i - +0 scale mail
rPois    .         Spirit   .   j - +0 helmet
rElec    .         Reflect  .   q - +0 cloak
rCorr    .         Harm     .   (no gloves)
MR       .....                  (no boots)
Stlth    ..........             (no amulet)
Regen    0.2/turn               h - +2 ring of dexterity
MPRegen  0.1/turn               (no ring)

@: very slightly contaminated, glowing
A: mutation resistance 1
a: Renounce Religion


You were on level 3 of the Dungeon.
You worshipped the Shining One.
The Shining One was noncommittal.
You were hungry.

You visited 1 branch of the dungeon, and saw 3 of its levels.

You collected 123 gold pieces.

Inventory:

Hand Weapons
 a - a +1 hunting sling (weapon)
Missiles
 d - 9 sling bullets
 m - 57 stones (quivered)
Armour
 i - a +0 scale mail (worn)
 j - a +0 helmet (worn)
 q - a +0 cloak (worn)
Jewellery
 h - a +2 ring of dexterity (left hand)
Wands
 b - a wand of random effects (21/48)
Scrolls
 g - a scroll of enchant weapon
 l - a scroll of teleportation
 o - 3 scrolls of remove curse
 p - 4 scrolls of identify
Potions
 e - a potion of invisibility
Books
 c - a book of Debilitation

   Spells                             Type                      Level
   a - Corona                         Hexes                        1
   b - Slow                           Hexes                        2
   c - Inner Flame                    Hexes/Fire                   3
   d - Portal Projectile              Hexes/Translocation          3
   e - Cause Fear                     Hexes                        4
   f - Leda's Liquefaction            Hexes/Earth                  4
Comestibles
 k - 3 bread rations


   Skills:
 + Level 2.2 Fighting
 + Level 4.8 Slings
 + Level 2.5 Armour
 + Level 2.4 Dodging
 - Level 1.0 Spellcasting
 - Level 3.0 Hexes
 + Level 0.9 Translocations
 + Level 0.0 Invocations
 + Level 0.0 Evocations


You had 2 spell levels left.
You knew the following spells:

 Your Spells              Type           Power        Failure   Level  Hunger
a - Corona                Hex            #......      58%         1    ##.....
b - Portal Projectile     Hex/Tloc       #.....       99%         3    ####...


Dungeon Overview and Level Annotations

Branches:
Dungeon (3/15)

Altars:
Ashenzari
Dithmenos
Gozag
Makhleb
Uskayaw
The Shining One


Innate Abilities, Weirdness & Mutations

You are small and have problems with some larger weapons.
You are somewhat resistant to further mutation.


Message History

You shoot a stone.
Firing (i - inventory. (,) - cycle):
m - 58 stones (quivered)
Press: ? - help, Shift-Dir - straight line You shoot a stone.
Something hits you!
* * * LOW HITPOINT WARNING * * *
Okay, then.
Okay, then.
Casting: Corona
Confirm with . or Enter, or press ? or * to list all spells.
Aiming: Corona
Press: ? - help, Shift-Dir - straight line You miscast Corona.
You are very lightly contaminated with residual magic.
Your skin glows momentarily.
Something hits you but does no damage.
Casting: Corona
Confirm with . or Enter, or press ? or * to list all spells.
Aiming: Corona
Press: ? - help, Shift-Dir - straight line You miscast Corona.
Nothing appears to happen.
Something hits you!
You die...

#.. #.# #...###(#
.(({..#(# .gg...(.#
#(# #.# #(# ## #{#
.# #@# .# #.# >#
#.##.## .# #.##..#
.# #.###.# .#
##.###.# .#
####...##.# .#
.......##.#
.#.#########...##.#


There were no monsters in sight!

Vanquished Creatures
  Terence (D:2)
  5 adders
  2 gnolls (D:3)
  3 worms
  2 dart slugs
  3 leopard geckos
  5 orcs
  2 ball pythons
  7 bats
  2 giant cockroaches (D:1)
  5 goblins
  6 hobgoblins
  4 jackals (D:1)
  7 kobolds
  A quokka (D:3)
  A frilled lizard (D:1)
  5 rats (D:1)
61 creatures vanquished.

Notes
Turn   | Place    | Note
-------+----------+-------------------------------------------
     0 | D:1      | Rrauwl the Halfling Arcane Marksman began the quest for the Orb.
     0 | D:1      | Reached XP level 1. HP: 12/12 MP: 2/2
     2 | D:1      | Reached skill level 1 in Fighting
    48 | D:1      | Reached XP level 2. HP: 18/18 MP: 3/3
   228 | D:1      | Reached XP level 3. HP: 23/23 MP: 4/4
   301 | D:1      | Found a shattered altar of Ashenzari.
   355 | D:1      | Reached skill level 1 in Armour
   968 | D:2      | Reached skill level 4 in Slings
   968 | D:2      | Reached XP level 4. HP: 15/28 MP: 5/5
  1557 | D:2      | Noticed Terence
  1604 | D:2      | Killed Terence
  1809 | D:2      | Learned a level 3 spell: Portal Projectile
  1941 | D:3      | Found a hide-covered altar of Uskayaw.
  1941 | D:3      | Noticed a hand axe
  1941 | D:3      | Noticed a dagger
  1986 | D:3      | Reached XP level 5. HP: 29/34 MP: 6/6
  2155 | D:3      | Found a glowing golden altar of the Shining One.
  2155 | D:3      | Found an opulent altar of Gozag.
  2155 | D:3      | Found a burning altar of Makhleb.
  2168 | D:3      | Became a worshipper of the Shining One
  2514 | D:3      | Found a shadowy altar of Dithmenos.
  2619 | D:3      | Slain by a gnoll

Vault maps used:
D:1:      dpeg_arrival_prison, nicolae_ashenzari_panopticon
D:2:      minmay_kobold_bridge, old_standard_altar, uniq_terence
D:3:      dancing_weapons_uskayaw, cheibriados_altar_1,
          gammafunk_temple_overflow_claw, first_bread,
          grunt_dithmenos_smoke_and_mirrors

Skill      XL: |  1  2  3  4  5 |
---------------+----------------+-----
Fighting       | 1 2 |  2.2
Armour         | 1 2 |  2.5
Slings         | 4 |  4.8
Hexes          | 3 |  3.0
Dodging        | |  2.4
Spellcasting   | |  1.0
Translocations | |  0.9

Action                   |  1- 3 |  4- 6 || total
-------------------------+-------+-------++-------
Melee: Hunting sling     |       |     1 ||     1
 Fire: Hunting sling     |   112 |   192 ||   304
  Use: Potion            |     1 |     4 ||     5
       Scroll            |       |     6 ||     6
  Eat: Bread ration      |       |     1 ||     1
Armor: Robe              |     5 |     1 ||     6
       Scale mail        |       |    24 ||    24
Dodge: Dodged            |    78 |    71 ||   149
